 Dungeon Crawl Stone Soup version 0.29-a0-885-gb26ba3297d (webtiles) character file.

Game seed: 17240695789272411302

10 frimble the Magician (level 2, 0/19 HPs)
             Began as a Demonspawn Hedge Wizard on July 21, 2022.
             Slain by a kobold
             ... wielding a +0 club
              (3 damage)
             ... on level 1 of the Dungeon.
             The game lasted 00:00:43 (1112 turns).

frimble the Magician (Demonspawn Hedge Wizard)      Turns: 1112, Time: 00:00:44

Health: 0/19       AC:  2    Str: 10    XL:     2   Next: 10%
Magic:  6/6        EV: 12    Int: 15    God:
Gold:   22         SH:  0    Dex: 12    Spells: 6/7 levels left

rFire   . . .      SeeInvis .   a - +0 dagger
rCold   . . .      Faith    .   (no shield)
rNeg    . . .      Spirit   .   b - +0 robe
rPois   .          Reflect  .   c - +0 hat
rElec   .          Harm     .   (no cloak)
rCorr   .          Rampage  .   (no gloves)
Will    .....                   (no boots)
Stlth   ++........              (no amulet)
HPRegen 0.06/turn               (no ring)
MPRegen 0.10/turn               (no ring)

@: no status effects
A: powered by death 1
a: no special abilities


You were on level 1 of the Dungeon.
You visited 1 branch of the dungeon, and saw 1 of its levels.

You collected 22 gold pieces.

Inventory:

Hand Weapons
 a - a +0 dagger (weapon)
Armour
 b - a +0 robe (worn)
 c - a +0 hat (worn)
 g - a +0 leather armour
Potions
 d - a potion of magic
 e - a potion of curing
 f - a potion of ambrosia {unknown}


   Skills:
 + Level 1.4 Short Blades
 - Level 1.7 Dodging
 - Level 1.8 Stealth
 - Level 3.0 Spellcasting
 - Level 1.0 Conjurations
 - Level 1.0 Summonings
 - Level 0.9 Translocations


You had 6 spell levels left.
You knew the following spells:

 Your Spells              Type           Power      Damage    Failure   Level
a - Magic Dart            Conj           20%        1d4       13%         1

Your spell library contained the following spells:

 Spells                   Type           Power      Damage    Failure   Level
 Slow                     Hex            8%         N/A       21%         1
 Call Imp                 Summ           5%         N/A       21%         2
 Blink                    Tloc           8%         N/A       22%         2
 Conjure Flame            Conj/Fire      3%         6-21      43%         3
 Mephitic Cloud           Conj/Pois/Air  3%         N/A       45%         3


Dungeon Overview and Level Annotations

Branches:
Dungeon (1/15)

Altars:


Innate Abilities, Weirdness & Mutations

You regenerate a little health from kills.


Message History

HP restored.
You see here a +0 leather armour.
g - a +0 leather armour The kobold shouts!
A ball python comes into view.
The kobold closely misses you.
The ball python hisses angrily.
You hit the kobold.
The kobold is moderately wounded.
The kobold hits you with a +0 club.
You hit the kobold but do no damage.
The kobold is moderately wounded.
The kobold hits you with a +0 club.
You are too injured to fight recklessly!
You are too injured to fight recklessly!
You are too injured to fight recklessly!
You are too injured to fight recklessly!
You are too injured to fight recklessly!
You are too injured to fight recklessly!
You are too injured to fight recklessly!
You are too injured to fight recklessly!
You are too injured to fight recklessly!
You are too injured to fight recklessly!
You hit the kobold.
The kobold is severely wounded.
The kobold hits you with a +0 club.
You closely miss the kobold.
The kobold is severely wounded.
The ball python barely misses you. The ball python closely misses you.
The kobold hits you with a +0 club.
You miss the kobold.
The kobold is severely wounded.
The ball python bites you.
* * * LOW HITPOINT WARNING * * *
The ball python closely misses you. The kobold hits you but does no damage.
You barely miss the kobold.
The kobold is severely wounded.
The ball python barely misses you. The ball python closely misses you.
The kobold hits you with a +0 club.
You die...

# ####### .# ......#
######## ..# ......#
#......####...# ...)..#
#........S....## .♣♣.♣♣#
#.......@K......
.♣P.P♣###..........#....
.♣♣)♣♣..†..........+ .
.♣♣.♣♣.#############
.♣.[♣♣.# .♣P.♣♣.####
.♣P..♣....# .♣..P♣.##.#
.♣P..♣..#.#


You could see a ball python and a kobold.

Vanquished Creatures
  A dart slug (D:1)
  An endoplasm (D:1)
  2 hobgoblins (D:1)
  2 frilled lizards (D:1)
  2 kobolds (D:1)
  A rat (D:1)
9 creatures vanquished.

Notes
Turn   | Place    | Note
-------+----------+-------------------------------------------
     0 | D:1      | frimble the Demonspawn Hedge Wizard began the quest for the
                  | Orb.
     0 | D:1      | Reached XP level 1. HP: 13/13 MP: 4/4
   368 | D:1      | Reached skill level 1 in Short Blades
  1007 | D:1      | Gained mutation: You regenerate a little health from kills.
                  | [demonic ancestry]
  1007 | D:1      | Reached XP level 2. HP: 13/19 MP: 6/6
  1112 | D:1      | Slain by a kobold

Illustrated notes

Levels and vault maps discovered:
D:1:      tarquinn_simple_flora_water_a, layout_basic, serial_forest,
          infiniplex_forest_clump_C, infiniplex_forest_clump_double,
          infiniplex_forest_straight_5, infiniplex_forest_end_1,
          infiniplex_forest_lined_room_2, infiniplex_forest_corner_1,
          nicolae_ecumenical_snake_handling, serial_bayou_lake_a

Skill      XL: |  1 |
---------------+----+-----
Short Blades   | 1 |  1.4
Dodging        | |  1.7
Stealth        | |  1.8
Spellcasting   | |  3.0
Conjurations   | |  1.0
Summonings     | |  1.0
Translocations | |  0.9

Action                   || total
-------------------------++-------
Melee: Dagger            ||    57
 Cast: Magic Dart        ||     3
  Use: Scroll            ||     1
       Potion            ||     1
 Stab: Sleeping          ||     1
Armor: Robe              ||     4
Dodge: Dodged            ||    38

Table legend: (Time is in decaauts)
 A = Elapsed time spent in this place.
 B = Non-inter-level travel time spent in this place.
 C = Inter-level travel time spent in this place.
 D = Time resting spent in this place.
 E = Time spent auto-exploring this place.
 F = Levels seen in this place.
 G = Mean time per level.
                   A        B        C        D        E       F      G
               +--------+--------+--------+--------+--------+-----+--------+
         Total |   1110 |   1110 |      0 |     86 |    910 |   1 | 1110.0 |
       Dungeon |   1110 |   1110 |      0 |     86 |    910 |   1 | 1110.0 |
               +--------+--------+--------+--------+--------+-----+--------+

Top non-repeatable levels by time:
     D:1: 1110 daAuts
